 Dungeon Crawl Stone Soup version 0.23.0-2-g0fe3ce5 (webtiles) character file.

Game seed: 3533984023503967724

69 Jatast the Ruffian (level 4, 0/40 HPs)
             Began as a Ghoul Monk on Feb 19, 2019.
             Slain by a hound (3 damage)
             ... on level 2 of the Dungeon.
             The game lasted 00:02:05 (1098 turns).

Jatast the Ruffian (Ghoul Monk)                     Turns: 1098, Time: 00:02:06

Health: 0/40       AC:  2    Str: 15    XL:     4   Next: 20%
Magic:  3/3        EV: 12    Int:  5    God:
Gold:   59         SH:  0    Dex: 11    Spells: 3/3 levels left

rFire    . . .     SeeInvis .     - Unarmed
rCold    + . .     Gourm    .   (no shield)
rNeg     + + +     Faith    .   a - +0 robe
rPois    ∞         Spirit   .   (no helmet)
rElec    .         Reflect  .   (no cloak)
rCorr    .         Harm     .   (no gloves)
MR       .....                  (no boots)
Stlth    ++........             (no amulet)
HPRegen  0.00/turn              (no ring)
MPRegen  0.08/turn              (no ring)

@: rotting
A: rotting body, claws 1, carnivore, cold resistance 1, negative energy
resistance 3, inhibited regeneration, torment resistance, unbreathing
a: no special abilities


You were on level 2 of the Dungeon.
You were not hungry.

You visited 1 branch of the dungeon, and saw 2 of its levels.

You collected 59 gold pieces.

Inventory:

Armour
 a - a +0 robe (worn)
Wands
 p - a wand of iceblast (14)
Scrolls
 e - a scroll of noise {unknown}
 f - 2 scrolls of fear {unknown}
 h - a scroll of fog {unknown}
 i - a scroll of immolation {unknown}
 j - a scroll of identify {unknown}
 l - a scroll of magic mapping {unknown}
 n - 2 scrolls of random uselessness {unknown}
Potions
 d - a potion of heal wounds {unknown}
 g - a potion of curing {unknown}
 k - a potion of might {unknown}
 m - a potion of mutation {unknown}
Comestibles
 b - 5 rations


   Skills:
 + Level 4.1 Fighting
 - Level 2.6 Dodging
 - Level 2.1 Stealth
 * Level 4.8 Unarmed Combat


You had 3 spell levels left.
You didn't know any spells.
Your spell library was empty.

Dungeon Overview and Level Annotations

Branches:
Dungeon (2/15)

Altars:
Uskayaw

Annotations:
D:2 Robin


Innate Abilities, Weirdness & Mutations

Your body is rotting away.
You thrive on raw meat.
You are immune to poison.
You have sharp fingernails.
You are carnivorous and can eat meat at any time.
Your flesh is cold resistant. (rC+)
You are immune to negative energy. (rN+++)
You do not regenerate when monsters are visible.
You are immune to unholy pain and torment.
You can survive without breathing.


Message History

You scratch the hound.
The hound is lightly wounded.
The hound closely misses you.
Robin roars a battlecry!
You barely miss the hound.
The hound is lightly wounded.
The hound bites you.
* * * LOW HITPOINT WARNING * * *
You closely miss the hound.
The hound is lightly wounded.
The hound bites you.
* * * LOW HITPOINT WARNING * * *
The hound bites you.
* * * LOW HITPOINT WARNING * * *
Okay, then.
Evoke which item? (* to show all) (? for menu, Esc to quit)
Okay, then.
It was a potion of cancellation.
You feel magically purged. The hound bites you.
You die...

##.#####..##.#. ## .##
............#.. #.###.#
...........# .#####.#..#
#.#....g.## ##.........#
#.........###).######..#
###..####g.#.#[##...#...
#. #.#)##.#.###.#(#
#..####h#.....## ##..#
#....@hhg.....# #...
#..######..#..## ##.##
#. #..###.###..# ..
######..# #....#.# #.
#.......###.####.# #
...............##.#
##.#####.#.....##.# ..
.......().....#
####.#.....####


You could see a hound, Robin and 2 jackals.

Vanquished Creatures
  2 adders (D:2)
  2 worms (D:2)
  2 dart slugs (D:2)
  8 goblins
  6 hobgoblins
  2 jackals
  6 kobolds
  A ball python (D:1)
  3 bats
  4 frilled lizards
  5 rats
41 creatures vanquished.

Notes
Turn   | Place    | Note
-------+----------+-------------------------------------------
     0 | D:1      | Jatast the Ghoul Monk began the quest for the Orb.
     0 | D:1      | Reached XP level 1. HP: 19/19 MP: 0/0
   156 | D:1      | Reached XP level 2. HP: 19/26 MP: 1/1
   875 | D:2      | Found a hide-covered altar of Uskayaw.
   875 | D:2      | Noticed a +0 dagger
   875 | D:2      | Noticed a +0 hand axe
   886 | D:2      | Reached XP level 3. HP: 31/33 MP: 2/2
  1052 | D:2      | Reached XP level 4. HP: 39/40 MP: 3/3
  1068 | D:2      | Noticed Robin
  1098 | D:2      | Slain by a hound

Skill      XL: |  1  2  3 |
---------------+----------+-----
Unarmed Combat | 4 |  4.8
Fighting       | 4 |  4.1
Dodging        | |  2.6
Stealth        | |  2.1

Action                   |  1- 3 |  4- 6 || total
-------------------------+-------+-------++-------
Melee: Unarmed           |   114 |    15 ||   129
       Punch             |     3 |     1 ||     4
  Use: Potion            |       |     1 ||     1
 Stab: Sleeping          |     4 |       ||     4
  Eat: Chunk             |    11 |     4 ||    15
Armor: Robe              |    11 |     7 ||    18
Dodge: Dodged            |    63 |    19 ||    82
